 Dungeon Crawl Stone Soup version 0.30-a0-358-g0d69a1922f (webtiles) character file.

Game seed: 14936341700773129112

4413 hikkokomori the Jinx (level 10, -1/57 HPs)
             Began as a Deep Elf Conjurer on Nov 10, 2022.
             Was a Priest of Vehumet.
             Succumbed to a killer bee's poison
             ... on level 9 of the Dungeon.
             The game lasted 00:33:38 (8426 turns).

hikkokomori the Jinx (Deep Elf Conjurer)            Turns: 8426, Time: 00:33:39

Health: -1/57      AC:  5    Str:  9    XL:     10   Next: 14%
Magic:  20/22      EV: 12    Int: 25    God:    Vehumet [***...]
Gold:   375        SH:  0    Dex: 11    Spells: 1/22 levels left

rFire   + . .      SeeInvis +    I - +0 shortbow
rCold   x . .      Faith    .    (shield currently unavailable)
rNeg    . . .      Spirit   .    B - +1 robe {Will+}
rPois   .          Reflect  .    F - +0 helmet {SInv}
rElec   .          Harm     .    (no cloak)
rCorr   .          Rampage  .    (no gloves)
Will    +++..      Clarity  +    (no boots)
Stlth   ++........               m - amulet of magic regeneration
HPRegen 0.29/turn                s - ring "Oweqoh" {Fire Str+5 Int-3 Slay+3 SInv}
MPRegen 0.58/turn                y - ring of willpower

@: mighty, lethally poisoned (-1 -> -18)
A: clarity, clumsy 1, shaggy fur 1
a: Renounce Religion


You were on level 9 of the Dungeon.
You worshipped Vehumet.
Vehumet was most pleased with you.
You visited 2 branches of the dungeon, and saw 10 of its levels.

You collected 375 gold pieces.

Inventory:

Hand Weapons
 c - a +0 dagger
 k - a +0 sling
 q - a +0 falchion
 u - a +1 long sword of holy wrath
 I - a +0 shortbow (weapon)
Armour
 a - a +0 robe
 B - a +1 robe of willpower (worn)
 F - a +0 helmet of see invisible (worn)
Jewellery
 g - an amulet of regeneration
 m - an amulet of magic regeneration (around neck)
 s - the ring "Oweqoh" (left hand) {Fire Str+5 Int-3 Slay+3 SInv}
   (You found it on level 3 of the Dungeon)

   [ring of fire]

   It enhances your fire magic.
   Str:       It affects your strength (+5).
   Int:       It affects your intelligence (-3).
   Slay:      It affects your accuracy & damage with ranged weapons and melee
   (+3).
   rF:        It protects you from fire.
   rC:        It makes you vulnerable to cold.
   SInv:      It lets you see invisible.
 y - a ring of willpower (right hand)
 z - a ring of protection from cold
 E - a ring of positive energy
Wands
 w - a wand of quicksilver (6)
 x - a wand of polymorph (10)
 C - a wand of flame (10)
 K - a wand of digging (3)
Scrolls
 d - 5 scrolls of enchant armour {unknown}
 e - 2 scrolls of poison {unknown}
 h - 10 scrolls of identify {unknown}
 i - a scroll of fear {unknown}
 j - a scroll of enchant weapon {unknown}
 r - 2 scrolls of noise {unknown}
 t - 3 scrolls of teleportation {unknown}
 A - a scroll of amnesia {unknown}
 D - a scroll of blinking {unknown}
 G - a scroll of brand weapon {unknown}
Potions
 b - a potion of magic
 f - 4 potions of attraction
 l - a potion of berserk rage {unknown}
 n - 3 potions of mutation
 v - 2 potions of resistance
 H - a potion of flight {unknown}
 J - a potion of degeneration {unknown}
 L - a potion of lignification {unknown}


   Skills:
 + Level 4.3 Fighting
 - Level 4.8 Ranged Weapons
 - Level 2.7 Dodging
 - Level 4.0 Stealth
 + Level 6.9 Spellcasting
 + Level 9.0 Conjurations
 - Level 10.3 Hexes
 + Level 5.7 Translocations


You had one spell level left.
You knew the following spells:

 Your Spells              Type           Power      Damage    Failure   Level
a - Magic Dart            Conj           100%       1d8       1%          1
b - Searing Ray           Conj           100%       2d8       1%          2
c - Fulminant Prism       Conj/Hex       27%        3d14      1%          4
d - Iskenderun's Mystic   Conj/Tloc      45%        2d10      1%          4
e - Sandblast             Erth           16%        2d6       1%          1
f - Gell's Gravitas       Tloc           37%        N/A       1%          3
g - Lesser Beckoning      Tloc           74%        N/A       1%          3
h - Teleport Other        Tloc           37%        N/A       1%          3

Your spell library contained the following spells:

 Spells                   Type           Power      Damage    Failure   Level
 Stone Arrow              Conj/Erth      62%        3d10      1%          3
 Beastly Appendage        Tmut           16%        N/A       7%          1
 Dazzling Flash           Conj/Hex       100%       N/A       1%          3
 Wereblood                Tmut           8%         N/A       11%         2
 Spider Form              Tmut/Pois      8%         N/A       21%         3


Dungeon Overview and Level Annotations

Branches:
Dungeon (9/15)             Temple (1/1) D:4
   Lair: D:8-11         Orc: D:9-12

Altars:
Elyvilon
Makhleb
Nemelex Xobeh
Vehumet
Xom
Yredelemnul

Shops:
D:3 (

Annotations:
D:4 2 transporters
D:6 1 runed translucent door


Innate Abilities, Weirdness & Mutations

You possess an exceptional clarity of mind.
You are clumsy. (Dex -2)
You are covered in fur. (AC +1)


Message History

The killer bee is severely wounded.
Unknown command.
Casting: Fulminant Prism (safe; 1% risk of failure)
Confirm with . or Enter, or press ? or * to list all spells.
Aiming: Fulminant Prism (safe; 1% risk of failure)
Press: ? - help, Dir - move target You conjure a prism of explosive energy!
A fulminant prism comes into view.
You feel very sick. The killer bee stings you. x2
You are lethally poisoned!
The killer bee poisons you!
You shoot an arrow. The arrow barely misses the killer bee.
* * * LOW HITPOINT WARNING * * *
You feel very sick. The killer bee stings you.
* * * LOW HITPOINT WARNING * * *
You are more poisoned.
The killer bee poisons you! The killer bee completely misses you.
Your fulminant prism crackles loudly.
Unknown command.
It was a potion of mutation.
You feel extremely strange. Fur sprouts all over your body.
You feel clumsy.
Your thoughts seem clearer.
* * * LOW HITPOINT WARNING * * *
You feel very sick. The killer bee closely misses you.
The killer bee stings you but does no damage.
Your fulminant prism explodes!
The blast of energy engulfs the killer bee!!
You kill the killer bee!
Vehumet accepts your kill.
The blast of energy engulfs the killer bee!!
You kill the killer bee!
Vehumet accepts your kill.
You feel your power returning.
You hear an angry buzzing noise.
Unknown command.
It was a potion of might.
You feel very mighty all of a sudden.
You die...

####****,* *,,,,,,,,,,,,,
....,,,,,***###*****,,,,,,,,,,,,,
...,,,,,,,,,...,,,,,,,,,,,,,,,,,,
..#*********#.#***************,,,
..# #.# *,,, ..# #.# *,,, ..# #*#
*,,,
..###########.##########******,,,
...).........†††@.......,,,,,,,,,
............############***,,,,,,
##########..# *,,**** # #.y# *,,*
# #..# *,,****
#********#..#**************,,,,,,
.,,,,,,,,....,,,,,,,,,,,,,,,,,,,,
******,,,.....,,,,,,,,,**********
*,,************,,,* *


There were no monsters in sight!

Vanquished Creatures
  A kobold demonologist (D:9)
  Eustachio (D:4)
  Menkaure (D:6)
  A water moccasin (D:8)
  A sky beast (D:7)
  4 black bears
  An ice beast (D:6)
  3 ogres
  An orc warrior (D:6)
  3 centaurs
  Blork the orc (D:5)
  2 bullfrogs
  10 kobold brigands
  9 scorpions
  A necrophage (D:5)
  A howler monkey (D:7)
  10 killer bees
  A gnoll bouda (D:5)
  An orc priest (D:6)
  2 hounds (D:5)
  2 jellies (D:6)
  4 iguanas
  4 orc wizards
  12 gnolls
  8 adders
  A shadow imp (D:7)
  2 white imps
  An ufetubus (D:7)
  A worm (D:3)
  4 dart slugs
  22 orcs
  6 ball pythons
  7 bats
  8 endoplasms
  8 giant cockroaches
  7 goblins
  8 hobgoblins
  6 jackals
  14 kobolds
  2 quokkas (D:2)
  A frilled lizard (D:2)
  2 rats
  2 fulminant prisms
187 creatures vanquished.

Vanquished Creatures (others)
  45 fulminant prisms
  3 fungi (D:5)
48 creatures vanquished.

Grand Total: 235 creatures vanquished

Notes
Turn   | Place    | Note
-------+----------+-------------------------------------------
     0 | D:1      | hikkokomori the Deep Elf Conjurer began the quest for the
                  | Orb.
     0 | D:1      | Reached XP level 1. HP: 10/10 MP: 6/6
   277 | D:1      | Reached XP level 2. HP: 15/15 MP: 4/8
   916 | D:2      | Reached XP level 3. HP: 13/19 MP: 5/10
   954 | D:2      | Learned a level 2 spell: Searing Ray
   979 | D:2      | Reached skill level 5 in Conjurations
  1167 | D:2      | Noticed an ogre
  1178 | D:2      | Killed an ogre
  1179 | D:2      | Reached skill level 5 in Spellcasting
  1179 | D:2      | Reached XP level 4. HP: 24/24 MP: 1/13
  1179 | D:2      | Reached XP level 5. HP: 28/28 MP: 1/14
  2507 | D:3      | Found Raoladgh's Antique Weapon Emporium.
  2519 | D:3      | You fall into a shaft and drop 1 floor!
  3184 | D:3      | Identified the ring "Oweqoh" {Fire Str+5 Int-3 Slay+3 SInv}
  3287 | D:4      | Found a staircase to the Ecumenical Temple.
  3369 | Temple   | Entered the Ecumenical Temple
  3377 | Temple   | Became a worshipper of Vehumet
  3391 | D:4      | Noticed a black bear
  3396 | D:4      | Killed a black bear
  3397 | D:4      | Reached XP level 6. HP: 32/32 MP: 8/16
  3670 | D:4      | Found a transporter.
  3824 | D:4      | Noticed Eustachio
  3834 | D:4      | Learned a level 4 spell: Fulminant Prism
  3839 | D:4      | Learned a level 4 spell: Iskenderun's Mystic Blast
  3849 | D:4      | Killed Eustachio
  3850 | D:4      | Reached skill level 2 in Hexes
  4030 | D:4      | Found a transporter.
  4034 | D:4      | Noticed an ice beast
  4035 | D:4      | Noticed an ice beast
  4035 | D:4      | Noticed an ice beast
  4124 | D:5      | Entered Level 5 of the Dungeon
  4165 | D:5      | Reached XP level 7. HP: 19/36 MP: 13/18
  4299 | D:5      | Reached skill level 3 in Hexes
  4433 | D:5      | Reached * piety under Vehumet
  4433 | D:5      | Offered knowledge of Sandblast by Vehumet.
  4436 | D:5      | Learned a level 1 spell: Sandblast
  4652 | D:5      | Reached skill level 4 in Hexes
  4796 | D:5      | Reached skill level 1 in Translocations
  4800 | D:5      | Reached skill level 1 in Fighting
  4800 | D:5      | Reached XP level 8. HP: 19/43 MP: 9/19
  4805 | D:5      | Reached skill level 5 in Hexes
  4930 | D:5      | Found a shimmering altar of Xom.
  4930 | D:5      | Found a basalt altar of Yredelemnul.
  5057 | D:5      | Noticed Blork the orc
  5061 | D:5      | Killed Blork the orc
  5495 | D:6      | Noticed Menkaure
  5499 | D:6      | Killed Menkaure
  5500 | D:6      | Reached skill level 6 in Hexes
  5533 | D:6      | Reached skill level 7 in Hexes
  5955 | D:6      | Found the +7 Kryia's mail coat {PotionHeal*2 rC+}
  6182 | D:6      | Found a runed translucent door.
  6187 | D:6      | Found a runed translucent door.
  6218 | D:6      | Reached XP level 9. HP: 29/49 MP: 17/20
  6366 | D:6      | Reached skill level 8 in Hexes
  6449 | D:7      | Offered knowledge of Shock by Vehumet.
  6454 | D:7      | Learned a level 3 spell: Gell's Gravitas
  6487 | D:7      | Found a sparkling altar of Nemelex Xobeh.
  6531 | D:7      | Reached ** piety under Vehumet
  6842 | D:7      | Found a burning altar of Makhleb.
  7445 | D:8      | Reached skill level 9 in Hexes
  7625 | D:8      | Offered knowledge of Stone Arrow by Vehumet.
  7821 | D:8      | Reached skill level 5 in Translocations
  8098 | D:8      | Learned a level 3 spell: Lesser Beckoning
  8124 | D:9      | Reached skill level 10 in Hexes
  8181 | D:9      | Noticed a kobold demonologist
  8191 | D:9      | Killed a kobold demonologist
  8192 | D:9      | Reached XP level 10. HP: 46/56 MP: 14/21
  8196 | D:9      | Learned a level 3 spell: Teleport Other
  8200 | D:9      | Reached *** piety under Vehumet
  8425 | D:9      | Gained mutation: You are covered in fur. (AC +1) [potion of
                  | mutation]
  8425 | D:9      | Gained mutation: You are clumsy. (Dex -2) [potion of
                  | mutation]
  8425 | D:9      | Gained mutation: You possess an exceptional clarity of
                  | mind. [potion of mutation]
  8426 | D:9      | Succumbed to a killer bee's poison

Illustrated notes

Levels and vault maps discovered:
D:1:      lightli_arrival_maybe_door_vault, layout_loops_ring,
          serial_bayou_crossing
D:2:      layout_loops_corners
D:3:      layout_basic, serial_shops, shop_statue, hangedman_decor_points,
          kennysheep_small_spiral, kennysheep_flooded_box
D:4:      gammafunk_cloud_chamber, layout_loops_cross,
          minmay_temple_entry_butterflies, uniq_eustachio
D:5:      layout_loops_ring, gammafunk_temple_overflow_statue,
          dreamdust_mushroom_princess, uniq_blork_the_orc
D:6:      lemuel_insect_pit, layout_rooms, uniq_menkaure
D:7:      layout_gridville, lemuel_crystal_altar, bloody_makhleb
D:8:      layout_basic, grunt_ministairs_5
D:9:      minmay_clustersquares, layout_long_grid, enter_bailey_2, special_room
          [special_room_kobold], nicolae_shop_i_like_big_books
Temple:   regret_index_temple_waves

Skill      XL: |  1  2  3  4  5  6  7  8  9 10 |
---------------+-------------------------------+-----
Spellcasting   | 5 6 |  6.9
Conjurations   | 5 6 7 8 9 |  9.0
Ranged Weapons | 2 3 4 |  4.8
Stealth        | 3 4 |  4.0
Hexes          | 2 4 7 10 | 10.3
Translocations | 1 3 5 |  5.7
Fighting       | 1 2 4 |  4.3
Dodging        | |  2.7

Action                   |  1- 3 |  4- 6 |  7- 9 | 10-12 || total
-------------------------+-------+-------+-------+-------++-------
Melee: Unarmed           |    10 |       |       |       ||    10
       Dagger            |    13 |       |       |       ||    13
 Fire: Sling             |    12 |   132 |    95 |       ||   239
       Shortbow          |       |       |    38 |     9 ||    47
 Cast: Magic Dart        |    38 |     1 |     5 |     4 ||    48
       Searing Ray       |     5 |    14 |    25 |     1 ||    45
       Fulminant Prism   |       |     1 |    37 |     9 ||    47
       Sandblast         |       |       |     1 |       ||     1
       Iskenderun's Myst |       |       |     2 |       ||     2
  Use: Scroll            |     1 |       |     1 |       ||     2
       Potion            |       |       |     6 |     2 ||     8
Armor: Robe              |     7 |     9 |    19 |     4 ||    39
Dodge: Dodged            |    26 |    59 |    67 |    10 ||   162

Table legend: (Time is in decaauts)
 A = Elapsed time spent in this place.
 B = Non-inter-level travel time spent in this place.
 C = Inter-level travel time spent in this place.
 D = Time resting spent in this place.
 E = Time spent auto-exploring this place.
 F = Levels seen in this place.
 G = Mean time per level.
                   A        B        C        D        E       F      G
               +--------+--------+--------+--------+--------+-----+--------+
         Total |   8494 |   8223 |    271 |   1058 |   5856 |  10 |  849.4 |
       Dungeon |   8474 |   8203 |    271 |   1058 |   5852 |   9 |  941.6 |
        Temple |     19 |     19 |      0 |      0 |      4 |   1 |   19.0 |
               +--------+--------+--------+--------+--------+-----+--------+

Top non-repeatable levels by time:
     D:2: 1373 daAuts
     D:5: 1343 daAuts
     D:3: 1039 daAuts
     D:4: 968 daAuts
     D:8: 955 daAuts
     D:6: 876 daAuts
     D:1: 853 daAuts
     D:7: 732 daAuts
     D:9: 331 daAuts
  Temple: 19 daAuts
